 Dungeon Crawl Stone Soup version 0.30-a0-622-gddc90eaa04 (webtiles) character file.

Game seed: 2392666015958182859

123 ragingrage the Shooter (level 4, 0/35 HPs)
             Began as a Draconian Hexslinger on Jan 10, 2023.
             Was an Initiate of Okawaru.
             Splashed by a jelly's acid (5 damage)
             ... on level 3 of the Dungeon.
             The game lasted 00:02:35 (3137 turns).

ragingrage the Shooter (Draconian Hexslinger)       Turns: 3137, Time: 00:02:35

Health: 0/35       AC: -2    Str: 18    XL:     4   Next: 80%
Magic:  5/5        EV: 12    Int: 13    God:    Okawaru [......]
Gold:   183        SH:  0    Dex: 14    Spells: 4/5 levels left

rFire   . . .      SeeInvis .    b - +0 dagger (drain)
rCold   . . .      Faith    .    (no shield)
rNeg    . . .      Spirit   .    (body armour unavailable)
rPois   .          Reflect  .    (helmet restricted)
rElec   .          Harm     .    h - +0 cloak
rCorr   .          Rampage  .    (no gloves)
Will    .....                    (no boots)
Stlth   +                        (no amulet)
HPRegen 0.25/turn                g - +6 ring of strength
MPRegen 0.09/turn                (no ring)

@: corroded
A: AC +5, unfitting armour, cold-blooded
a: Renounce Religion


You were on level 3 of the Dungeon.
You worshipped Okawaru.
Okawaru was noncommittal.
You visited 1 branch of the dungeon, and saw 4 of its levels.

You collected 183 gold pieces.

Inventory:

Hand Weapons
 a - a +1 sling
 b - a +0 dagger of draining (weapon)
Armour
 h - a +0 cloak (worn)
Jewellery
 g - a +6 ring of strength (left hand)
 i - a ring of poison resistance
Wands
 s - a wand of roots (11)
Scrolls
 e - a scroll of identify {unknown}
 l - 2 scrolls of poison
 p - a scroll of acquirement {unknown}
 t - a scroll of vulnerability {unknown}
 u - a scroll of enchant armour {unknown}
Potions
 c - a potion of magic {unknown}
 d - a potion of flight {unknown}
 f - a potion of heal wounds {unknown}
 j - a potion of lignification {unknown}
 k - a potion of haste {unknown}
 m - 3 potions of curing {unknown}
 n - 2 potions of might {unknown}
 o - a potion of ambrosia {unknown}
 q - 2 potions of degeneration {unknown}
 r - 3 potions of attraction {unknown}
 v - a potion of mutation {unknown}
 w - a potion of berserk rage {unknown}


   Skills:
 - Level 1.1 Fighting
 + Level 4.6 Ranged Weapons
 - Level 1.7 Dodging
 - Level 1.0 Spellcasting
 - Level 2.6 Hexes


You had 4 spell levels left.
You knew the following spells:

 Your Spells              Type           Power      Damage    Failure   Level
a - Slow                  Hex            28%        N/A       10%         1

Your spell library contained the following spells:

 Spells                   Type           Power      Damage    Failure   Level
 Inner Flame              Hex/Fire       4%         N/A       43%         3
 Portal Projectile        Hex/Tloc       8%         N/A       43%         3
 Cause Fear               Hex            3%         N/A       67%         4


Dungeon Overview and Level Annotations

Branches:
Dungeon (4/15)
 Temple: D:4-7

Altars:
Okawaru
Wu Jian

Annotations:
D:3 exclusion: downstairs


Innate Abilities, Weirdness & Mutations

Your plain brown scales are hard. (AC +5)
You cannot fit into any form of body armour.
You are cold-blooded and may be slowed by cold attacks.


Message History

You barely miss the gnoll.
The gnoll is almost dead.
The gnoll barely misses you.
You hit the gnoll but do no damage. You drain the gnoll.
You kill the gnoll!
Okawaru accepts your kill.
You see here a +0 hand axe.
You start resting.
HP restored.
There is a stone staircase leading down here.
There is a stone staircase leading down here.
There is an open door here.
There is an open door here.
Things that are here:
4 stones; a +0 short sword
There is a stone staircase leading down here.
You climb downwards.
The gnoll shouts! x2
There is a stone staircase leading up here.
The jelly hits you but does no damage.
The sky beast flickers out of sight!
Deactivating autopickup; reactivate with Ctrl-A.
You climb upwards.
Level annotation: exclusion: downstairs Reactivating autopickup.
There is a stone staircase leading down here.
You hit the jelly.
Your hands burn!
The jelly is lightly wounded.
The jelly hits you but does no damage.
You hit the jelly. You drain the jelly. The acid corrodes you!
Your hands burn!
The jelly is heavily wounded.
The jelly closely misses you.
You hit the jelly.
Your hands burn!
The jelly is severely wounded.
The jelly hits you.
You are splashed with acid!
You completely miss the jelly.
The jelly is severely wounded.
The jelly hits you. The acid corrodes you!
You are splashed with acid!
* * * LOW HITPOINT WARNING * * *
You hit the jelly but do no damage. You drain the jelly.
Your hands burn!
You die...

#.# #.# ###.#####
#........ ########
##### #.#.#.###
.......#
#...#######.#..#.##
######.#
#.............###..
#.#
#..J#######....#.##
######.## ##@##
#.....### ..).....#
#.# #....####
.#####..# #.#
#........ .# ##..#
#.# ###.##### .#
##...# #.# #.# .#
#....# ####.#####
##'## .# #....#
#.(......# ##...##
.###.##.# #.##.###.#
##.....## .##..##.#
#.##..##.###.......##


You could see a jelly (very drained).

Vanquished Creatures
  Jessica (D:3)
  A gnoll (D:3)
  4 adders
  2 worms (D:2)
  2 dart slugs
  2 ball pythons
  5 bats
  5 endoplasms
  2 giant cockroaches (D:1)
  6 hobgoblins
  A quokka (D:1)
  2 frilled lizards (D:2)
  5 goblins
  3 kobolds
  2 rats
43 creatures vanquished.

Notes
Turn   | Place    | Note
-------+----------+-------------------------------------------
     0 | D:1      | ragingrage the Draconian Hexslinger began the quest for the
                  | Orb.
     0 | D:1      | Reached XP level 1. HP: 16/16 MP: 2/2
    30 | D:1      | Reached skill level 2 in Ranged Weapons
   336 | D:1      | Reached XP level 2. HP: 23/23 MP: 3/3
   997 | D:2      | Found an ornate altar of the Wu Jian Council.
  1005 | D:2      | Reached skill level 3 in Ranged Weapons
  1134 | D:2      | Reached XP level 3. HP: 17/28 MP: 4/4
  1974 | D:3      | Reached XP level 4. HP: 35/35 MP: 5/5
  2012 | D:3      | Reached skill level 4 in Ranged Weapons
  2066 | D:3      | Noticed Jessica
  2080 | D:3      | Killed Jessica
  2207 | D:3      | Found an iron altar of Okawaru.
  2215 | D:3      | Became a worshipper of Warmaster Okawaru
  2773 | D:4      | Noticed a sky beast
  3137 | D:3      | Splashed by a jelly's acid

Illustrated notes

Levels and vault maps discovered:
D:1:      lightli_arrival_lavapool, layout_loops_corners
D:2:      layout_basic, basic_altar
D:3:      layout_loops_corners, kennysheep_okawaru_gauntlet, uniq_jessica
D:4:      layout_rooms, lemuel_doored_altar, hangedman_decor_peaks_small,
          kennysheep_cross_room, kennysheep_small_square, uniq_duvessa

Skill      XL: |  1  2  3  4 |
---------------+-------------+-----
Ranged Weapons | 2 3 4 |  4.6
Fighting       | |  1.1
Dodging        | |  1.7
Spellcasting   | |  1.0
Hexes          | |  2.6

Action                   |  1- 3 |  4- 6 || total
-------------------------+-------+-------++-------
Melee: Dagger            |    24 |    17 ||    41
       Tailslap          |     2 |     2 ||     4
       Punch             |     1 |       ||     1
 Fire: Sling             |   117 |    37 ||   154
 Cast: Slow              |     2 |       ||     2
Armor: Skin              |    29 |     8 ||    37
Dodge: Dodged            |    55 |    12 ||    67

Table legend: (Time is in decaauts)
 A = Elapsed time spent in this place.
 B = Non-inter-level travel time spent in this place.
 C = Inter-level travel time spent in this place.
 D = Time resting spent in this place.
 E = Time spent auto-exploring this place.
 F = Levels seen in this place.
 G = Mean time per level.
                   A        B        C        D        E       F      G
               +--------+--------+--------+--------+--------+-----+--------+
         Total |   3170 |   2831 |    339 |    226 |   2208 |   4 |  792.5 |
       Dungeon |   3170 |   2831 |    339 |    226 |   2208 |   4 |  792.5 |
               +--------+--------+--------+--------+--------+-----+--------+

Top non-repeatable levels by time:
     D:3: 1218 daAuts
     D:1: 995 daAuts
     D:2: 863 daAuts
     D:4: 92 daAuts
